 Dungeon Crawl Stone Soup version 0.30-b1-2-g02819fbbbe (webtiles) character file.

Game seed: 6313277424080481711

109067 Flugkiller the Warrior (level 16, -2/159 HPs)
             Began as a Minotaur Fighter on May 8, 2023.
             Was an Initiate of Gozag.
             Slain by a seven-headed hydra (9 damage)
             ... called by a spriggan druid
             ... on level 3 of the Swamp.
             The game lasted 00:15:04 (24307 turns).

Flugkiller the Warrior (Minotaur Fighter)          Turns: 24307, Time: 00:15:05

Health: -2/159     AC: 33    Str: 32    XL:     16   Next: 4%
Magic:  15/15      EV:  9    Int:  5    God:    Gozag
Gold:   642        SH:  8    Dex:  7    Spells: 15/15 levels left

rFire   . . .        C - +7 war axe (flame)
rCold   . . .        S - +2 buckler
rNeg    . . .        L - +5 plate armour of the Falcon {Str+5 Dex-5 SInv}
rPois   +            (helmet restricted)
rElec   .            R - +0 cloak {rPois}
rCorr   .            O - +2 pair of gloves
SInv    +            v - +2 pair of boots
Will    ++...        y - amulet of regeneration Stlth
                     m - ring of willpower
HPRegen 1.26/turn    j - +4 ring of slaying
MPRegen 0.14/turn

%: no passive effects
@: no status effects
A: horns 2, retaliatory headbutt
a: Renounce Religion, Potion Petition, Call Merchant, Bribe Branch


You were on level 3 of the Swamp.
You worshipped Gozag.
Gozag was pleased with you.
You visited 4 branches of the dungeon, and saw 25 of its levels.
You also visited: Sewer and Ice Cave.

You collected 8111 gold pieces.
You spent 3125 gold pieces at shops.
You paid 4344 gold pieces to Gozag.

Inventory:

Hand Weapons
 o - a +5 war axe of electrocution
   (You took it off an orc on level 3 of the Dungeon)
 C - a +7 war axe of flaming (weapon)
   (You took it off a wight on level 9 of the Dungeon)
 F - the +11 war axe "Wysics" {venom, +Blink rElec rC- Int+5}
   (You bought it in a shop on level 2 of the Orcish Mines)

   Int:       It affects your intelligence (+5).
   rC:        It makes you vulnerable to cold.
   rElec:     It insulates you from electricity.
   +Blink:    It lets you blink.
Missiles
 u - 4 throwing nets (quivered)
Armour
 v - a +2 pair of boots (worn)
   (You found it on level 12 of the Dungeon)
 I - a +2 cloak of willpower
   (You took it off Maurice on level 8 of the Dungeon)
 L - the +5 plate armour of the Falcon (worn) {Str+5 Dex-5 SInv}
   (You bought it in a shop on level 2 of the Orcish Mines)

   Str:       It affects your strength (+5).
   Dex:       It affects your dexterity (-5).
   SInv:      It lets you see invisible.
 O - a +2 pair of gloves (worn)
   (You found it on level 12 of the Dungeon)
 P - the +0 cloak of Feid {rElec rN+ Regen+ SInv}
   (You bought it in a shop on level 2 of the Orcish Mines)

   rElec:     It insulates you from electricity.
   rN:        It protects you from negative energy.
   SInv:      It lets you see invisible.
   Regen:     It increases your rate of health regeneration.
 R - a +0 cloak of poison resistance (worn)
   (You found it on level 13 of the Dungeon)
 S - a +2 buckler (worn)
   (You took it off a spriggan on level 5 of the Lair of Beasts)
Jewellery
 j - a +4 ring of slaying (right hand)
   (You bought it in a shop on level 2 of the Orcish Mines)
 k - a ring of resist corrosion
   (You found it on level 2 of the Lair of Beasts)
 m - a ring of willpower (left hand)
   (You found it on level 7 of the Dungeon)
 y - an amulet of regeneration (around neck)
   (You found it on level 8 of the Dungeon)
 M - a ring of willpower
   (You found it on level 1 of the Lair of Beasts)
Wands
 c - a wand of mindburst (9)
   (You found it on level 1 of the Swamp)
 g - a wand of digging (8)
   (You took it off Maurice on level 8 of the Dungeon)
 p - a wand of roots (33)
   (You found it on level 4 of the Dungeon)
 A - a wand of charming (11)
   (You found it on level 8 of the Dungeon)
 K - a wand of quicksilver (15)
   (You found it on level 5 of the Lair of Beasts)
Scrolls
 a - a scroll of silence
 b - 3 scrolls of fog
 i - 5 scrolls of vulnerability
 l - 3 scrolls of magic mapping
 r - 6 scrolls of identify
 t - 8 scrolls of teleportation
 x - 3 scrolls of fear
 z - 3 scrolls of blinking
 B - a scroll of butterflies
 G - 2 scrolls of enchant weapon
 H - 2 scrolls of immolation
 N - 3 scrolls of enchant armour
Potions
 d - 5 potions of might
 e - 5 potions of mutation
 f - a potion of berserk rage
 h - 6 potions of haste
 n - 2 potions of resistance
 q - 6 potions of curing
 s - 2 potions of cancellation
 w - 3 potions of heal wounds
 D - 8 potions of flight
 E - 4 potions of lignification
 J - 3 potions of ambrosia
Miscellaneous
 Q - a phantom mirror
   (You found it on level 15 of the Dungeon)


   Skills:
 * Level 18.7 Fighting
 - Level 16.0 Axes
 * Level 18.7 Armour
 + Level 13.9 Shields
 - Level 8.0 Evocations


You had 15 spell levels left.
You didn't know any spells.
Your spell library was empty.

Dungeon Overview and Level Annotations

Branches:
Dungeon (15/15)            Temple (0/1) D:4            Lair (5/5) D:9
  Swamp (3/4) Lair:3       Spider (0/4) Lair:3        Slime (0/5) Lair:5
    Orc (2/2) D:12            Elf (0/3) Orc:2        Vaults (0/5) D:14
 Depths (0/4) D:15          Sewer (visited)           IceCv (visited)

Altars:
Ashenzari
Cheibriados
Elyvilon
Gozag
Nemelex Xobeh
Qazlal
Ru
Sif Muna
Trog
Uskayaw
Vehumet
Zin
The Shining One

Shops:
D:2 :   D:13 ?   D:14 (   Orc:2 (*:*[[(*=   Swamp:3 =

Portals:
Pandemonium: Orc:2

Annotations:
D:3 2 runed translucent doors, Dirian's ghost, amateur MiFi
D:4 3 runed translucent doors, kthxbai's ghost, amateur TeAE
Lair:3 exclusion: 4 oklob plants
Swamp:1 2 runed translucent doors, Ykec Esm's ghost, journeyman DrWn


Innate Abilities, Weirdness & Mutations

You have a pair of horns on your head.
You reflexively headbutt those who attack you in melee.


Message History

The alligator misses you.
The alligator tail-slaps you but does no damage.
You block the swamp worm's attack.
The will-o-the-wisp gives a chilling moan.
You chop the swamp worm into pieces!!! You burn the swamp worm.
You kill the swamp worm!
You slash the alligator! You burn the alligator. You hit the swamp dragon.
You burn the swamp dragon. You completely miss the spriggan druid.
The spriggan druid casts a spell at you.
The stone arrow hits you!
The bunyip howls a warning cry!
The alligator is distracted by your dazzling golden aura.
The will-o-the-wisp gestures.
The will-o-the-wisp conjures some foxfire!
The swamp dragon bites you but does no damage.
The swamp dragon claws you but does no damage.
The swamp dragon tramples you but does no damage.
You hear a shout!
You hear a chilling moan. x2
You hear an angry buzzing noise. x3
A foxfire comes into view.
You slice the alligator!! You burn the alligator. You headbutt the alligator!!
The alligator is almost dead.
You slice the swamp dragon!! You burn the swamp dragon!
You slice the spriggan druid!! You burn the spriggan druid!
With its final breath, the spriggan druid offers up its power to the beasts of the wild!
The swamp dragon is healed.
The alligator is healed. x2
The swamp dragon seems to grow more fierce.
The alligator seems to grow more fierce.
The swamp worm seems to grow more fierce.
The alligator seems to grow more fierce.
The bunyip seems to grow more fierce.
The seven-headed hydra seems to grow more fierce.
You kill the spriggan druid!
You slash the alligator! You burn the alligator.
The alligator is no longer distracted by gold.
A foxfire comes into view.
The alligator bites you! The alligator barely misses you.
The bunyip is distracted by your dazzling golden aura.
You block the alligator's attack. The alligator tail-slaps you!
You slice the swamp dragon!! You burn the swamp dragon.
You kill the swamp dragon!
You barely miss the alligator. You slice the alligator!!
You burn the alligator! You slice the foxfire!!
The bunyip is no longer distracted by gold.
The foxfire hits you but does no damage. x2
The alligator bites you but does no damage.
The alligator barely misses you. The alligator bites you.
The alligator tail-slaps you but does no damage.
Your unstable footing causes you to fumble your attack.
You are engulfed in a cloud of scalding steam.
The swamp worm is no longer distracted by gold.
The alligator bites you! The alligator tail-slaps you.
The bunyip is distracted by your dazzling golden aura.
The will-o-the-wisp gestures.
The will-o-the-wisp conjures some foxfire! 2 foxfires come into view.
The alligator attacks as you move away! You block the alligator's attack.
The alligator barely misses you. The foxfire hits you!! x2
The alligator closely misses you. The alligator barely misses you.
The alligator bites you!!
* * * LOW HITPOINT WARNING * * *
The alligator tail-slaps you but does no damage.
The alligator closely misses you. You furiously retaliate!
You headbutt the alligator!! The alligator tail-slaps you.
* * * LOW HITPOINT WARNING * * *
The swamp worm bites you but does no damage.
The bunyip gives a hideous shriek!
Things that are here:
6 gold pieces; a +0 quarterstaff; a +0 robe [a] 920 gold - Kaenoups's Magic Scroll Boutique [b] 1088 gold - Ryckuzir's Book Shop [c] 1264 gold - Qaxkiclo's Jewellery Shop Fund which merchant? [a] 920 gold - Kaenoups's Magic Scroll Boutique [b] 1088 gold - Ryckuzir's Book Shop [c] 1264 gold - Qaxkiclo's Jewellery Shop Fund which merchant? [a] 920 gold - Kaenoups's Magic Scroll Boutique [b] 1088 gold - Ryckuzir's Book Shop [c] 1264 gold - Qaxkiclo's Jewellery Shop Fund which merchant? [a] 920 gold - Kaenoups's Magic Scroll Boutique [b] 1088 gold - Ryckuzir's Book Shop [c] 1264 gold - Qaxkiclo's Jewellery Shop Fund which merchant?
You no longer have enough gold to fund merchants seeking to open stores in the dungeon.
Qaxkiclo invites you to visit their Jewellery Shop.
The bunyip is no longer distracted by gold.
You block the bunyip's attack.
The bunyip claws you but does no damage.
The bunyip claws you!
* * * LOW HITPOINT WARNING * * *
The seven-headed hydra bites you but does no damage. x2
The seven-headed hydra bites you!
* * * LOW HITPOINT WARNING * * *
The seven-headed hydra bites you.
* * * LOW HITPOINT WARNING * * *
The seven-headed hydra bites you!
You die...
Your body crumbles into a pile of gold.

. ♣~~~~~...≈
#..♣.~~♣..... .
#.§♣...~..~~.
.##..§~~~.♣.~~. $
#....§v♣..~.~~~~.
... #§.~§~~.§~~
#...#.§~~$~§♣~~♣
#[+.#..§t§~♣~~.~~♣.
$
...!...D@t~~~.~~..♣
.....~.~wx.~§~~~~~♣♣
♣.~~~~~$~~~..~....
....♣~.$.~~~~~♣.~♣♣
♣.. ♣♣~♣♣.~~~~~~~.♣
.. ♣~♣♣.~~♣♣~~.♣ ~
♣...~~~~♣~~.♣
♣.♣♣~~<~....♣
♣♣..~~.~~~~.♣


You could see a bunyip (strong), 2 alligators, a seven-headed hydra (strong), a
will-o-the-wisp and a swamp worm (strong).

Vanquished Creatures
  A thorn hunter (Swamp:2)
  A frost giant (D:13)
  A war gargoyle (D:13)
  A stone giant (D:15)
  An eleionoma (Swamp:1)
  A bunyip (Swamp:1)
  Fannar (D:11)
  7 hydras
  A death knight (D:14)
  3 demonspawn (Orc:2)
  4 alligators
  3 boulder beetles
  A catoblepas (Lair:3)
  8 death yaks
  A deep troll earth mage (D:13)
  2 tengu warriors
  Sonja (Lair:5)
  5 orc high priests (Orc:2)
  Urug (D:12)
  A vampire mage (D:14)
  Amaemon (Lair:2)
  Nergalle (D:12)
  3 skysharks
  6 skeletal warriors
  3 goliath frogs
  A bog body (Swamp:1)
  An orb spider (Lair:3)
  Pikel (D:4)
  2 spriggan druids
  2 wizards
  2 swamp dragons
  8 orc knights
  2 phantasmal warriors
  2 deep elf pyromancers
  8 orc sorcerers
  3 will-o-the-wisps
  6 cyclopes
  10 ugly things
  3 manticores
  Joseph (D:8)
  A guardian serpent (shapeshifter) (D:14)
  9 elephants
  A gargoyle (D:13)
  A rust devil (Orc:2)
  3 black mambas
  Maurice (D:8)
  An orange demon (Lair:2)
  18 cane toads
  Maggie (D:7)
  7 rime drakes
  4 komodo dragons
  An efreet (D:13)
  A kobold demonologist (D:11)
  2 freezing wraiths
  A tengu conjurer (D:13)
  A queen bee (Lair:3)
  3 meliai (D:14)
  2 polar bears
  3 tyrant leeches
  A wolf spider simulacrum (D:14)
  7 trolls
  10 hornets
  Prince Ribbit (D:7)
  A blink frog (Lair:3)
  A dream sheep (Lair:5)
  23 spriggans
  A centaur simulacrum (D:15)
  Sigmund (D:3)
  4 shadows
  2 wraiths
  7 wyverns
  21 yaks
  A vampire (D:14)
  19 vampire mosquitoes
  3 steam dragons
  A chaos spawn (Orc:2)
  Grum (D:8)
  6 basilisks
  Edmund (D:4)
  3 wargs
  3 acid dragons
  Duvessa (D:5)
  11 water moccasins
  14 swamp worms
  36 orc warriors
  11 black bears
  4 boggarts (Lair:5)
  9 ogres
  35 wolves
  A centaur (D:12)
  2 lemures (D:4)
  2 phantoms
  3 kobold brigands
  16 bullfrogs
  2 gnoll sergeants
  5 scorpions
  12 wights
  Dowan (D:5)
  5 jellies
  41 killer bees
  7 howler monkeys
  An iron imp (D:3)
  4 hounds
  2 gnoll boudas
  23 orc priests
  2 iguanas
  14 orc wizards
  A sleepcap (D:6)
  4 hell rats (Lair:2)
  Robin (D:2)
  24 gnolls
  8 river rats
  10 adders
  3 shadow imps
  2 white imps (D:6)
  An ufetubus (D:6)
  3 worms
  2 dart slugs
  83 orcs
  11 endoplasms
  3 giant cockroaches (Sewer)
  10 goblins
  8 hobgoblins
  2 jackals
  3 quokkas
  15 ball pythons
  9 bats
  6 frilled lizards
  20 kobolds
  2 rats (D:5)
785 creatures vanquished.

Vanquished Creatures (others)
  A rakshasa (D:11)
  A wizard (D:10)
  A bloated husk (Swamp:3)
  A vampire mosquito (Swamp:3)
  A wolf (D:8)
  12 foxfires
  49 fungi
  136 plants
  4 toadstools (D:2)
206 creatures vanquished.

Grand Total: 991 creatures vanquished

Notes
Turn   | Place    | Note
-------+----------+-------------------------------------------
     0 | D:1      | Flugkiller the Minotaur Fighter began the quest for the
                  | Orb.
     0 | D:1      | Reached XP level 1. HP: 19/19 MP: 0/0
   229 | D:1      | Reached XP level 2. HP: 25/27 MP: 1/1
   781 | D:2      | Found Tomiovab's Book Emporium.
   954 | D:2      | Reached XP level 3. HP: 33/33 MP: 2/2
   988 | D:2      | You fall into a shaft and drop 2 floors!
   988 | D:4      | Found a broken altar of Ashenzari.
  1087 | D:4      | Found a glowing golden altar of the Shining One.
  1092 | D:4      | Noticed Edmund
  1100 | D:4      | Killed Edmund
  1101 | D:4      | Reached XP level 4. HP: 5/41 MP: 3/3
  1101 | D:4      | Reached XP level 5. HP: 6/47 MP: 4/4
  1269 | D:4      | Found an opulent altar of Gozag.
  1374 | D:4      | Reached skill level 5 in Fighting
  1396 | D:4      | Became a worshipper of Gozag Ym Sagoz the Greedy
  1437 | D:4      | Found a staircase to the Ecumenical Temple.
  1474 | D:4      | Reached skill level 5 in Armour
  1558 | D:4      | Reached XP level 6. HP: 45/56 MP: 5/5
  1621 | D:4      | Found a runed translucent gate.
  1690 | D:4      | Identified the +0 robe "Gelema" {Str+2}
  1719 | D:4      | Found a runed translucent gate.
  1719 | D:4      | Found a runed translucent gate.
  1965 | D:3      | Reached skill level 5 in Axes
  1970 | D:3      | Found a faded altar of an unknown god.
  2240 | D:4      | Found a stormy altar of Qazlal.
  2268 | D:4      | Found a sacrificial altar of Ru.
  2372 | D:4      | Noticed kthxbai's ghost (amateur TeAE)
  2447 | D:3      | Reached skill level 5 in Shields
  2447 | D:3      | Reached XP level 7. HP: 41/63 MP: 6/6
  2545 | D:3      | Found a runed translucent door.
  2548 | D:3      | Noticed Dirian's ghost (amateur MiFi)
  2580 | D:3      | Noticed Sigmund
  2612 | D:3      | Killed Sigmund
  2613 | D:3      | Reached skill level 1 in Evocations
  2859 | D:3      | Found a hide-covered altar of Uskayaw.
  2865 | D:3      | Noticed a +0 dagger
  2865 | D:3      | Noticed a +0 dagger
  2951 | D:3      | Identified the +0 scale mail of Hafox {Harm +Blink Str-5
                  | Slay+3}
  3099 | D:3      | Found a snail-covered altar of Cheibriados.
  3235 | D:3      | Found a sparkling altar of Nemelex Xobeh.
  3316 | D:3      | Found a runed translucent door.
  3618 | D:2      | Noticed Robin
  3628 | D:2      | Killed Robin
  3964 | D:5      | Entered Level 5 of the Dungeon
  3969 | D:5      | Noticed Pikel
  4053 | D:4      | Killed Pikel
  4054 | D:4      | Reached XP level 8. HP: 24/73 MP: 7/7
  4184 | D:5      | Noticed Dowan
  4187 | D:5      | Found a shimmering blue altar of Sif Muna.
  4187 | D:5      | Noticed Duvessa
  4193 | D:5      | Killed Dowan
  4201 | D:5      | Found a glowing silver altar of Zin.
  4454 | D:5      | Found a glowing drain.
  4474 | Sewer    | Entered a sewer
  5162 | D:5      | Killed Duvessa
  5343 | D:5      | Reached XP level 9. HP: 69/81 MP: 8/8
  6330 | D:7      | Noticed Prince Ribbit
  6335 | D:7      | Killed Prince Ribbit
  6575 | D:7      | Reached skill level 5 in Evocations
  6648 | D:7      | Found a white marble altar of Elyvilon.
  6787 | D:7      | Reached XP level 10. HP: 78/91 MP: 9/9
  6992 | D:7      | Found a radiant altar of Vehumet.
  7125 | D:7      | Noticed Maggie
  7135 | D:7      | Killed Maggie
  7824 | D:8      | Noticed Maurice
  7841 | D:8      | Killed Maurice
  8123 | D:8      | Noticed Grum
  8136 | D:8      | Killed Grum
  8218 | D:8      | Noticed Joseph
  8228 | D:8      | Killed Joseph
  8229 | D:8      | Reached skill level 10 in Fighting
  8820 | D:9      | Found a staircase to the Lair.
  8828 | D:9      | Reached skill level 10 in Armour
  9065 | D:9      | Reached skill level 10 in Axes
  9579 | D:10     | Entered Level 10 of the Dungeon
  9582 | D:10     | Reached XP level 11. HP: 101/101 MP: 10/10
 10076 | D:10     | Found a bloodstained altar of Trog.
 10231 | D:10     | Noticed a wizard
 10236 | D:10     | Killed a wizard
 10412 | D:11     | Noticed Fannar
 10431 | D:11     | Killed Fannar
 10444 | D:11     | Noticed a rakshasa
 10459 | D:11     | Killed a rakshasa
 10617 | D:11     | Found a shimmering blue altar of Sif Muna.
 10669 | D:11     | Noticed a skeletal warrior
 10689 | D:11     | Killed a skeletal warrior
 11374 | D:12     | Noticed Urug
 11387 | D:12     | Killed Urug
 11644 | Lair:1   | Entered Level 1 of the Lair of Beasts
 11774 | Lair:1   | Noticed a boulder beetle
 11792 | Lair:1   | Killed a boulder beetle
 11793 | Lair:1   | Reached XP level 12. HP: 78/112 MP: 11/11
 12311 | Lair:1   | You fall into a shaft and drop 1 floor!
 12733 | Lair:2   | Found a frozen archway.
 12748 | IceCv    | Entered an ice cave
 12773 | Lair:2   | Noticed a death yak
 12774 | Lair:2   | Noticed a death yak
 12775 | Lair:2   | Noticed a death yak
 12782 | Lair:2   | Killed a death yak
 12785 | Lair:2   | Killed a death yak
 12790 | Lair:2   | Killed a death yak
 12934 | Lair:2   | Found a broken altar of Ashenzari.
 13129 | Lair:2   | Noticed Amaemon
 13147 | Lair:2   | Killed Amaemon
 13152 | Lair:2   | Reached skill level 10 in Shields
 13669 | Lair:3   | Noticed a catoblepas
 13681 | Lair:3   | Killed a catoblepas
 13832 | Lair:3   | Reached XP level 13. HP: 107/122 MP: 12/12
 13899 | Lair:3   | Found a hole to the Spider Nest.
 14399 | Lair:3   | Found a staircase to the Swamp.
 15691 | Lair:5   | Entered Level 5 of the Lair of Beasts
 15812 | Lair:5   | Found a staircase to the Slime Pits.
 15957 | Lair:5   | Noticed Sonja
 15965 | Lair:5   | Killed Sonja
 16209 | Lair:5   | Reached skill level 15 in Fighting
 16379 | Lair:5   | Reached skill level 15 in Armour
 16398 | Lair:5   | Reached XP level 14. HP: 76/135 MP: 13/13
 16731 | Lair:5   | Reached skill level 15 in Axes
 17260 | D:12     | Found a staircase to the Orcish Mines.
 17277 | Orc:1    | Entered Level 1 of the Orcish Mines
 17349 | D:12     | Noticed Nergalle
 17943 | Orc:2    | Entered Level 2 of the Orcish Mines
 17943 | Orc:2    | Found Taleicol's Jewellery Shoppe.
 18040 | Orc:2    | Found a staircase to the Elven Halls.
 18356 | Orc:2    | Found Xaumuiho's General Store.
 18357 | Orc:2    | Found Fecuson's General Store.
 19311 | Orc:2    | Found Daurghaan's Book Boutique.
 19311 | Orc:2    | Found Lolar Suu's Antique Weapon Shop.
 19316 | Orc:2    | Found a one-way gate leading to the halls of Pandemonium.
 19459 | Orc:2    | Bought an encrusted war axe for 289 gold pieces
 19459 | Orc:2    | Identified the +11 war axe "Wysics" {venom, +Blink rElec
                  | rC- Int+5} (You bought it in a shop on level 2 of the
                  | Orcish Mines)
 19461 | Orc:2    | Bought a steaming plate armour for 812 gold pieces
 19461 | Orc:2    | Identified the +5 plate armour of the Falcon {Str+5 Dex-5
                  | SInv} (You bought it in a shop on level 2 of the Orcish
                  | Mines)
 19475 | Orc:2    | Bought a scroll labelled SONOUM COVAMU for 34 gold pieces
 19477 | Orc:2    | Bought the +0 cloak of Feid {rElec rN+ Regen+ SInv} for 376
                  | gold pieces
 19530 | Orc:2    | Bought a +4 ring of slaying for 1404 gold pieces
 19580 | D:12     | Killed Nergalle
 20106 | D:13     | Noticed a frost giant
 20108 | D:13     | Killed a frost giant
 20300 | D:13     | Reached XP level 15. HP: 133/146 MP: 14/14
 20383 | D:13     | Found Lottium's Magic Scroll Boutique.
 20393 | D:13     | Bought a scroll of blinking for 105 gold pieces
 20393 | D:13     | Bought a scroll of blinking for 105 gold pieces
 21331 | D:14     | Found Jotaev's Antique Weapon Emporium.
 21511 | D:14     | Found a gate to the Vaults.
 21746 | D:15     | Entered Level 15 of the Dungeon
 21837 | D:15     | Found a white marble altar of Elyvilon.
 21923 | D:15     | Found a staircase to the Depths.
 22778 | Swamp:1  | Entered Level 1 of the Swamp
 23020 | Swamp:1  | Paralysed by a hornet for 1 turns
 23489 | Swamp:1  | Found a large runed translucent door.
 23489 | Swamp:1  | Found a large runed translucent door.
 23491 | Swamp:1  | Noticed Ykec Esm's ghost (journeyman DrWn)
 23944 | Swamp:2  | Noticed a thorn hunter
 23954 | Swamp:2  | Killed a thorn hunter
 24202 | Swamp:3  | Reached XP level 16. HP: 130/159 MP: 15/15
 24307 | Swamp:3  | HP: 7/159 [seven-headed hydra[a spriggan druid] (3)]
 24307 | Swamp:3  | Slain by a seven-headed hydra

Illustrated notes

Levels and vault maps discovered:
D:1:      dpeg_arrival_long_road, layout_loops_ring, supply_closet_lemuel
D:2:      layout_loops_corners, serial_shops, shop, minmay_gold_behind_fungi,
          uniq_robin
D:3:      cheibrodos_helix_gallery, layout_basic, dancing_weapons_uskayaw,
          slow_altar_2, nemelex_altar_shiori,
          dilly_ecumenical_altar_fadedgnrine, ebering_ghost_sewer_f,
          uniq_sigmund
D:4:      layout_basic, nicolae_ashenzari_skybound, nicolae_gozag_seed_capital,
          nicolae_ru_great_annihilating_truth, grunt_qazlal_clouds,
          tso_metal_star, minmay_temple_entry_junction_2,
          ebering_ghost_rock_garden, uniq_edmund
D:5:      layout_cave_pools, mainiacjoe_overflow_catwalk,
          mainiacjoe_overflow_chevrons, portal_sewer_entry_b, uniq_pikel,
          uniq_duvessa
D:6:      layout_rooms
D:7:      layout_cave_pods, nicolae_vehumet_altar_sigil,
          mainiacjoe_overflow_small_starburst, uniq_maggie, uniq_prince_ribbit1
D:8:      layout_basic, uniq_grum, uniq_maurice, uniq_joseph
D:9:      layout_small_grid, lair_entry_dummy
D:10:     layout_loops_ring, trog_wizard
D:11:     wad_woods_stonehenge, layout_loops_ring, uniq_fannar
D:12:     layout_roguey, david_orc_2, uniq_urug, uniq_nergalle
D:13:     minmay_chopped_fan, layout_gridville, serial_shops,
          nicolae_shop_rolling_square
D:14:     layout_loops_cross, david_vaults_1, amcnicky_mini_pool_small,
          serial_shops, shop, nzn_life_drinkers
D:15:     grunt_enter_depths_giant_problem, layout_basic, elyvilon_altar_5
Lair:1:   wad_woods_settlement, layout_regular_city
Lair:2:   layout_regular_city, portal_ice_cave_rime, basic_altar,
          beast_lair_carwin_5, uniq_amaemon
Lair:3:   hangedman_what_comes_after_a, layout_loops_ring, swamp_mist,
          nicolae_spider_entry_orb_guardian
Lair:4:   layout_concentric_octagons
Lair:5:   minmay_lair_end_enchanted_forest, layout_loops_ring,
          nicolae_slime_entry_slimehenge, minivault_27, serial_bayou_crossing,
          uniq_sonja
Swamp:1:  layout_basic_swamp, ebering_ghost_disaster_area, serial_swamp_ruin,
          evilmike_swamp_ruin_house_3, hangedman_swamp_ruin_wall
Swamp:2:  layout_falls_marsh, evilmike_swamp_ruin_wall
Swamp:3:  layout_falls_marsh, evilmike_swamp_ruin_house_1
Orc:1:    layout_caves, basic_altar
Orc:2:    pf_orc_diabolical, layout_caves, serial_shops, shop,
          minmay_orc_barracks

Skill      XL: |  1  2  3  4  5  6  7  8  9 10 11 12 13 14 15 |
---------------+----------------------------------------------+-----
Fighting       | 4 5 6 7 9 10 12 13 15 16 18 | 18.7
Armour         | 4 5 7 9 10 11 13 15 16 18 | 18.7
Axes           | 3 4 5 6 7 8 10 11 13 14 16 | 16.0
Shields        | 4 5 6 7 8 9 10 11 12 13 | 13.9
Evocations     | 2 3 5 6 7 8 |  8.0

Action                     |  1- 3 |  4- 6 |  7- 9 | 10-12 | 13-15 | 16-18 || total
---------------------------+-------+-------+-------+-------+-------+-------++-------
  Melee: War axe           |    37 |    86 |   234 |   506 |  1122 |    16 ||  2001
         Headbutt          |     3 |    17 |    29 |   105 |   238 |     3 ||   395
 Invoke: Call Merchant     |       |       |       |       |     4 |     1 ||     5
  Evoke: Wand              |       |     1 |     6 |     2 |     3 |       ||    12
    Use: Potion            |     1 |       |     3 |     8 |     1 |       ||    13
         Scroll            |       |       |    17 |     4 |     7 |       ||    28
   Stab: Paralysed         |       |     2 |       |       |       |       ||     2
         Distracted        |       |     1 |       |     2 |     4 |       ||     7
 Armour: Scale mail        |    12 |    48 |   124 |    38 |       |       ||   222
         Chain mail        |       |       |       |   228 |   383 |       ||   611
         Plate armour      |       |       |       |       |   245 |    20 ||   265
  Dodge: Dodged            |    20 |    50 |   117 |   172 |   339 |    12 ||   710
  Block: Buckler           |     5 |    18 |    55 |   144 |   258 |    10 ||   490
